 Dungeon Crawl Stone Soup version 0.20.1-1-g8b1a95d (webtiles) character file.

42 QuCean the Skirmisher (level 3, -4/33 HPs)
             Began as a Minotaur Fighter on Oct 11, 2017.
             Slain by Sigmund
             ... wielding a +0 scythe
              (7 damage)
             ... on level 2 of the Dungeon.
             The game lasted 00:05:50 (1474 turns).

QuCean the Skirmisher (Minotaur Fighter)            Turns: 1474, Time: 00:05:51

Health: -4/33      AC:  7    Str: 21    XL:     3   Next: 35%
Magic:  2/2        EV:  7    Int:  5    God:
Gold:   62         SH:  0    Dex:  9    Spells: 2/2 levels left

rFire    . . .     SeeInvis .   a - +0 war axe
rCold    . . .     Gourm    .   c - +0 shield
rNeg     . . .     Faith    .   b - +0 scale mail
rPois    .         Spirit   .   (helmet restricted)
rElec    .         Reflect  .   (no cloak)
rCorr    .         Harm     .   (no gloves)
MR       .....                  (no boots)
Stlth    ..........             (no amulet)
Regen    0.2/turn               (no ring)
MPRegen  0.1/turn               (no ring)

@: confused
A: retaliatory headbutt, horns 2
a: no special abilities


You were on level 2 of the Dungeon.
You were not hungry.

You visited 1 branch of the dungeon, and saw 3 of its levels.

You collected 62 gold pieces.

Inventory:

Hand Weapons
 a - a +0 war axe (weapon)
Armour
 b - a +0 scale mail (worn)
 c - a +0 shield (worn)
Scrolls
 i - 4 scrolls of identify
 m - a scroll of fear {unknown}
Potions
 d - a potion of might
 h - a potion of haste {unknown}
 j - a potion of curing {unknown}
 k - a potion of agility {unknown}
 n - a potion of invisibility {unknown}
 o - a potion of ambrosia {unknown}
Comestibles
 f - 2 bread rations
 g - 2 meat rations
 l - a chunk of flesh


   Skills:
 + Level 4.1 Fighting
 + Level 3.0 Axes
 + Level 4.1 Armour
 + Level 0.2 Dodging
 + Level 4.1 Shields


You had 2 spell levels left.
You didn't know any spells.

Dungeon Overview and Level Annotations

Branches:
Dungeon (3/15)

Altars:
Makhleb

Annotations:
D:2 Sigmund


Innate Abilities, Weirdness & Mutations

You reflexively headbutt those who attack you in melee.
You have a pair of horns on your head.


Message History

You feel less confused.
You barely miss something. You headbutt something! Something hits you.
You closely miss something. Something hits you.
You miss something. Something hits you.
* * * LOW HITPOINT WARNING * * *
You hit something. Something hits you but does no damage.
You miss something. Something hits you!
* * * LOW HITPOINT WARNING * * *
You hear some strange, mumbled words.
A puff of flame appears from out of thin air!
The puff of flame misses you.
You hear some strange, mumbled words.
You are confused.
There is a stone staircase leading up, spattered with blood here.
Something hits you but does no damage.
You hear some strange, mumbled words.
Something tries to affect you, but you resist.
There is a stone staircase leading up, spattered with blood here.
Something hits you!
You die...

####### ###............ .
......##
#................. .
.......#
#................ .
....[..##
#................ .
##.###..#### ....... . .
. #.........##..... .....
#
##..........##.####......
#............†#.........
#...$|......{.@.# .....
#..........#.#####......
#..........#.#(.(....#
#.........%..#.#.....#
##########.#.)_......#
#....#†#.....#
.................
...............###
...............>.#


There were no monsters in sight!

Vanquished Creatures
  An ooze (D:2)
  2 leopard geckos (D:1)
  4 bats
  2 giant cockroaches (D:1)
  4 goblins
  3 hobgoblins
  4 kobolds
  3 quokkas (D:2)
  2 frilled lizards
  8 rats
33 creatures vanquished.

Notes
Turn   | Place    | Note
-------+----------+-------------------------------------------
     0 | D:1      | QuCean the Minotaur Fighter began the quest for the Orb.
     0 | D:1      | Reached XP level 1. HP: 19/19 MP: 0/0
   290 | D:1      | Reached XP level 2. HP: 27/27 MP: 1/1
  1107 | D:2      | Reached XP level 3. HP: 28/33 MP: 2/2
  1123 | D:2      | Noticed Sigmund
  1160 | D:2      | Found a burning altar of Makhleb.
  1474 | D:2      | Slain by Sigmund

Skill      XL: |  1  2  3 |
---------------+----------+-----
Armour         | 4 |  4.1
Shields        | 4 |  4.1
Fighting       | 4 |  4.1
Axes           | 3 |  3.0
Dodging        | |  0.2

Action                   || total
-------------------------++-------
Melee: War axe           ||    79
       Headbutt          ||     7
  Use: Scroll            ||     4
  Eat: Chunk             ||     2
Armor: Scale mail        ||    47
Dodge: Dodged            ||    31
Block: Shield            ||    38
